 Dungeon Crawl Stone Soup version 0.31.0-32-g396128a36d (webtiles) character file.

Game seed: 15281313021131063921

814 hawla the Firebug (level 7, -3/36 HPs)
             Began as a Deep Elf Fire Elementalist on Mar 28, 2024.
             Slain by an unseen horror (7 damage)
             ... on level 6 of the Dungeon.
             The game lasted 00:08:21 (4791 turns).

hawla the Firebug (Deep Elf Fire Elementalist)      Turns: 4791, Time: 00:08:22

Health: -3/36      AC:  7    Str:  5    XL:     7   Next: 62%
Magic:  7/13       EV: 12    Int: 22    God:
Gold:   248        SH:  0    Dex: 15    Spells: 1/12 levels left

rFire   . . .        f - staff of death
rCold   . . .        (no shield)
rNeg    + . .        a - +1 robe
rPois   .            (no helmet)
rElec   .            (no cloak)
rCorr   .            m - +2 pair of gloves
SInv    .            c - +0 pair of boots
Will    .....        (no amulet)
Stlth   ++           (no ring)
HPRegen 0.26/turn    (no ring)
MPRegen 0.13/turn

%: no passive effects
@: no status effects
A: no striking features
a: no special abilities


You were on level 6 of the Dungeon.
You visited 1 branch of the dungeon, and saw 6 of its levels.

You collected 248 gold pieces.

Inventory:

Armour
 a - a +1 robe (worn)
 c - a +0 pair of boots (worn)
 m - a +2 pair of gloves (worn)
Magical Staves
 e - a staff of fire
 f - a staff of death (weapon)
Jewellery
 g - a ring of magical power
 o - a ring of positive energy
 r - a ring of poison resistance
Wands
 h - a wand of iceblast (8)
Scrolls
 l - 2 scrolls of fog
 q - a scroll of blinking
 u - a scroll of teleportation {unknown}
Potions
 b - 2 potions of magic
 d - 4 potions of curing
 i - 4 potions of degeneration {unknown}
 j - a potion of berserk rage {unknown}
 k - a potion of haste {unknown}
 n - 2 potions of lignification {unknown}
 p - a potion of heal wounds {unknown}
 s - a potion of cancellation {unknown}
 t - a potion of invisibility {unknown}
 v - a potion of might {unknown}


   Skills:
 - Level 2.4 Dodging
 - Level 2.4 Stealth
 - Level 3.0 Spellcasting
 - Level 5.0 Conjurations
 + Level 4.4 Necromancy
 - Level 6.4 Fire Magic
 + Level 3.3 Evocations


You had one spell level left.
You knew the following spells:

 Your Spells              Type           Power      Damage    Failure   Level
a - Foxfire               Conj/Fire      100%       2x1d9     1%          1
b - Scorch                Fire           62%        2d7       1%          2
c - Flame Wave            Conj/Fire      28%        2d9       12%         4
d - Dispel Undead         Necr           34%        3d15      21%         4

Your spell library contained the following spells:

 Spells                   Type           Power      Damage    Failure   Level
 Kiss of Death            Conj/Necr      100%       2d13      1%          1
 Freeze                   Ice            12%        1d3       12%         1
 Cigotuvi's Dreadful Rot  Necr/Alch/Air  28%        N/A       10%         2
 Inner Flame              Hex/Fire       17%        N/A       10%         3
 Volatile Blastmotes      Fire/Tloc      34%        2d12      10%         3
 Hailstorm                Conj/Ice       14%        3d6       13%         3
 Ignite Poison            Fire/Alch      17%        N/A       32%         4
 Confusing Touch          Hex            3%         N/A       36%         3
 Frozen Ramparts          Ice            6%         1d1       36%         3
 Freezing Cloud           Conj/Ice/Air   5%         6-21      86%         5


Dungeon Overview and Level Annotations

Branches:
Dungeon (6/15)
 Temple: D:4-7

Altars:
Dithmenos
Elyvilon
Makhleb

Shops:
D:1 !   D:6 (:


Message History

Found a stone staircase leading down.
Found a stone staircase leading up.
You now have 248 gold pieces (gained 17).
Found a dagger.
Found a stone staircase leading up.
There is a stone staircase leading up here.
Found Dainnubico's Self-Improvement Boutique.
There is an entrance to Dainnubico's Self-Improvement Boutique here.
You can access your shopping list by pressing '$'.
Deactivating autopickup; reactivate with Ctrl-A.
You closely miss something. Something hits you but does no damage.
You hit something but do no damage.
Something writhes in agony.
Something hits you but does no damage. x2
Found a short sword.
Something hits you but does no damage. Something hits you. Something hits you.
Something hits you but does no damage.
Casting: Foxfire (safe; 1% risk of failure)
Confirm with . or Enter, or press ? or * to list all spells.
You conjure some foxfire!
Something hits you.
The foxfire hits something.
The foxfire hits something.
Something hits you!
Casting: Foxfire (safe; 1% risk of failure)
Confirm with . or Enter, or press ? or * to list all spells.
You conjure some foxfire!
Something hits you but does no damage.
Casting: Foxfire (safe; 1% risk of failure)
Confirm with . or Enter, or press ? or * to list all spells.
You can't see any susceptible monsters within range! (Use Z to cast anyway.)
Casting: Foxfire (safe; 1% risk of failure)
Confirm with . or Enter, or press ? or * to list all spells.
Flames lash something but do no damage.
The foxfire hits something.
The foxfire hits something!
Something hits you!
* * * LOW HITPOINT WARNING * * *
Unknown command.
You feel better. Something hits you!
* * * LOW HITPOINT WARNING * * *
Casting: Scorch (safe; 1% risk of failure)
Confirm with . or Enter, or press ? or * to list all spells.
Flames lash something.
Something hits you but does no damage. Something hits you!
You die...

## .### #.#........# ...
###'#.....)..# [#.
.............# .# ..
.............#. .# ...
...................#####
.#....
........................
.#..#
...................###..
....#
.......@............##..
.#..##
..................≈≈.≈≈.
......
......#.##.......≈≈≈.≈≈≈
.#..##
........##.......≈≈⌠.⌠≈≈
......
........##.##.##'...∩...
######
#######..........≈≈⌠.⌠≈≈
# #.##.##.##.≈≈≈.≈≈≈ ##♣
#..........#≈≈.≈≈. ..P)
#.#####.#.........


There were no monsters in sight!

Vanquished Creatures
  Grinder (D:3)
  2 phantoms (D:5)
  A scorpion (D:5)
  A bombardier beetle (D:4)
  A gnoll bouda (D:6)
  An orc priest (D:5)
  A hound (D:5)
  An iguana (D:5)
  An orc wizard (D:5)
  7 gnolls
  7 adders
  A white imp (D:6)
  2 ufetubi (D:5)
  A dart slug (D:4)
  2 ribbon worms (D:3)
  5 orcs
  5 bats
  5 endoplasms
  4 giant cockroaches
  8 goblins
  6 hobgoblins
  5 jackals
  6 kobolds
  4 quokkas
  7 ball pythons
  3 frilled lizards
  3 rats
91 creatures vanquished.

Vanquished Creatures (others)
  A quokka (D:4)
  210 foxfires
211 creatures vanquished.

Grand Total: 302 creatures vanquished

Notes
Turn   | Place    | Note
-------+----------+-------------------------------------------
     0 | D:1      | hawla the Deep Elf Fire Elementalist began the quest for
                  | the Orb.
     0 | D:1      | Reached XP level 1. HP: 10/10 MP: 6/6
   235 | D:1      | Reached XP level 2. HP: 15/15 MP: 5/8
   236 | D:1      | Reached skill level 4 in Fire Magic
   485 | D:1      | Found Nyarivaf's Distillery.
   668 | D:1      | Found a faded altar of an unknown god.
   845 | D:1      | Learned a level 2 spell: Scorch
  1062 | D:2      | Reached XP level 3. HP: 14/19 MP: 5/9
  1825 | D:3      | Reached skill level 5 in Fire Magic
  1892 | D:3      | Noticed Grinder
  1904 | D:3      | Paralysed by Grinder for 3 turns
  1918 | D:3      | Killed Grinder
  1919 | D:3      | Reached XP level 4. HP: 19/24 MP: 1/10
  1919 | D:3      | Reached XP level 5. HP: 22/28 MP: 1/11
  1924 | D:3      | Learned a level 4 spell: Flame Wave
  2079 | D:3      | Reached XP level 6. HP: 32/32 MP: 9/12
  2870 | D:4      | Found a burning altar of Makhleb.
  2912 | D:4      | Found a shadowy altar of Dithmenos.
  3214 | D:4      | Found a white marble altar of Elyvilon.
  3434 | D:5      | Entered Level 5 of the Dungeon
  3529 | D:5      | Reached skill level 6 in Fire Magic
  3529 | D:5      | Reached XP level 7. HP: 36/36 MP: 8/13
  3661 | D:5      | Reached skill level 5 in Conjurations
  3666 | D:5      | Learned a level 4 spell: Dispel Undead
  4225 | D:6      | Found Upnint's Antique Weapon Emporium.
  4748 | D:6      | Found Dainnubico's Self-Improvement Boutique.
  4791 | D:6      | Slain by an unseen horror

Illustrated notes

Levels and vault maps discovered:
D:1:      scummos_arrival_star, layout_basic,
          shapermc_ecumenical_altar_totnotflames, serial_shops,
          nicolae_shop_real_fake_doors
D:2:      layout_loops_ring, minmay_split_cup_small
D:3:      layout_rooms, uniq_grinder
D:4:      layout_loops_ring, kennysheep_mini, elyvilon_altar_4,
          nicolae_dithmenos_shadow_blocks
D:5:      layout_rooms
D:6:      layout_basic, serial_shops, nicolae_shop_trees,
          nicolae_shop_self_help, uniq_crazy_yiuf_cottage

Skill      XL: |  1  2  3  4  5  6  7 |
---------------+----------------------+-----
Fire Magic     | 4 5 6 |  6.4
Conjurations   | 3 4 5 |  5.0
Necromancy     | 3 4 |  4.4
Evocations     | 2 3 |  3.3
Dodging        | |  2.4
Stealth        | |  2.4
Spellcasting   | |  3.0

Action                     |  1- 3 |  4- 6 |  7- 9 || total
---------------------------+-------+-------+-------++-------
  Melee: Staff             |     4 |       |    17 ||    21
         Punch             |       |       |     1 ||     1
   Cast: Foxfire           |    56 |    48 |    19 ||   123
         Scorch            |     5 |    14 |    11 ||    30
         Flame Wave        |       |     1 |     2 ||     3
    Use: Scroll            |     5 |     1 |       ||     6
         Potion            |     1 |       |     1 ||     2
 Armour: Robe              |    14 |     4 |    38 ||    56
  Dodge: Dodged            |    14 |     7 |    16 ||    37
